 Dungeon Crawl Stone Soup version 0.22-a0-117-g314b907 (webtiles) character file.

86437 Faca the Warrior (level 15, -2/108 HPs)
             Began as a Gargoyle Fighter on Jan 29, 2018.
             Was the Champion of Okawaru.
             Slain by a komodo dragon (9 damage)
             ... on level 1 of the Swamp.
             The game lasted 01:19:26 (28755 turns).

Faca the Warrior (Gargoyle Fighter)                Turns: 28755, Time: 01:19:27

Health: -2/108     AC: 31    Str: 27    XL:     15   Next: 87%
Magic:  0/15       EV:  8    Int:  8    God:    Okawaru [******]
Gold:   2261       SH: 13    Dex: 13    Spells: 14/14 levels left

rFire    . . .     SeeInvis +   z - +2 whip (elec)
rCold    . . .     Gourm    .   V - +0 shield {reflect}
rNeg     + . .     Faith    .   c - +1 chain mail {MR+}
rPois    ∞         Spirit   +   N - +1 hat {SInv}
rElec    +         Reflect  +   t - +0 cloak
rCorr    .         Harm     .   Q - +0 pair of gloves
MR       +++..                  n - +0 pair of boots
Stlth    ..........             C - amulet of guardian spirit
HPRegen  0.28/turn              M - +4 ring of strength
MPRegen  0.14/turn              p - ring of protection from magic

@: flying
A: big wings, negative energy resistance 1, electricity resistance, unbreathing,
petrification resistance, rot immunity, AC +11
a: Stop Flying, Heroism, Finesse, Renounce Religion


You were on level 1 of the Swamp.
You worshipped Okawaru.
Okawaru was exalted by your worship.
You were not hungry.

You visited 5 branches of the dungeon, and saw 25 of its levels.
You also visited: Volcano.

You collected 2493 gold pieces.
You spent 232 gold pieces at shops.

Inventory:

Hand Weapons
 z - a +2 whip of electrocution (weapon)
 D - the +2 hunting sling of Suicidal Tendencies {velocity, rC+}
   (You found it on level 8 of the Dungeon)

   Any stone fired from it inflicts extra damage.
   It protects you from cold.
 G - a +0 morningstar of protection
Missiles
 s - 8 javelins (quivered)
 B - 4 silver tomahawks
 R - 4 poisoned javelins
Armour
 c - a +1 chain mail of magic resistance (worn)
 h - a +0 large shield
 n - a +0 pair of boots (worn)
 t - a +0 cloak (worn)
 N - a +1 hat of see invisible (worn)
 Q - a +0 pair of gloves (worn)
 V - a +0 shield of reflection (worn)
Jewellery
 g - an uncursed ring of protection from cold
 p - a ring of protection from magic (right hand)
 A - an uncursed amulet of rage {unknown}
 C - an amulet of guardian spirit (around neck)
 M - a +4 ring of strength (left hand)
Wands
 l - a wand of scattershot (3)
 u - a wand of acid (12)
 v - a wand of paralysis (5)
 I - a wand of flame (4)
 S - a wand of iceblast (3)
Scrolls
 a - 7 scrolls of teleportation
 b - 2 scrolls of fog
 e - 11 scrolls of remove curse
 m - 3 scrolls of fear
 r - 2 scrolls of immolation
 y - 8 scrolls of enchant armour
 F - a scroll of vulnerability {unknown}
 K - 4 scrolls of enchant weapon
 L - a scroll of holy word
 O - a scroll of silence
Potions
 d - a potion of might
 i - 2 potions of brilliance
 j - 3 potions of magic
 k - 6 potions of curing
 o - 3 potions of haste
 q - 4 potions of lignification
 w - 4 potions of resistance
 x - 2 potions of invisibility {unknown}
 E - 2 potions of mutation
 J - 2 potions of berserk rage
 P - a potion of cancellation
 T - 2 potions of agility
Comestibles
 f - 13 rations


   Skills:
 + Level 17.8 Fighting
 + Level 13.0 Maces & Flails
 + Level 8.1 Throwing
 + Level 13.9 Armour
 - Level 10.6 Shields


You had 14 spell levels left.
You didn't know any spells.

Dungeon Overview and Level Annotations

Branches:
Dungeon (15/15)            Temple (1/1) D:7            Lair (6/6) D:8
  Swamp (1/4) Lair:3       Spider (0/4) Lair:4        Slime (0/5) Lair:5
    Orc (2/2) D:10            Elf (0/3) Orc:2        Vaults (0/5) D:13
 Depths (0/5) D:15

Altars:
Ashenzari
Cheibriados
Dithmenos
Elyvilon
Fedhas
Gozag
Hepliaklqana
Kikubaaqudgha
Makhleb
Nemelex Xobeh
Okawaru
Qazlal
Ru
Sif Muna
Trog
Uskayaw
Vehumet
Wu Jian
Xom
Yredelemnul
Zin
The Shining One
Beogh
Jiyva

Shops:
D:5 *%(   D:8 *   Orc:1 !   Orc:2 :[*(

Annotations:
Lair:3 exclusion: 4 oklob plants


Innate Abilities, Weirdness & Mutations

You are resistant to torment.
Your stone body is resilient. (AC +11)
You are immune to poison.
Your large and strong wings let you fly indefinitely.
You resist negative energy. (rN+)
You are resistant to electric shocks. (rElec)
You can survive without breathing.
You are immune to petrification.
You are immune to rotting.


Message History

The alligator tail-slaps you.
* * * LOW HITPOINT WARNING * * *
You barely miss the alligator. The komodo dragon misses you.
Okay, then.
You block the alligator's attack. x2
You block the alligator's attack. x2
The alligator bites you but does no damage.
You block the alligator's attack.
The alligator bites you but does no damage.
The alligator tail-slaps you.
* * * LOW HITPOINT WARNING * * *
The alligator barely misses you. The alligator tail-slaps you.
* * * LOW HITPOINT WARNING * * *
The teleport trap disappears.
The alligator disappears!
The komodo dragon bites you!
* * * LOW HITPOINT WARNING * * *
The komodo dragon bites you!
* * * LOW HITPOINT WARNING * * *
You feel better. The komodo dragon bites you!
You die...

♣♣♣ ♣≈.♣♣♣ ♣♣♣♣ ♣♣.≈≈≈≈♣
♣♣..§ ♣≈.≈≈.♣
♣....♣♣§...≈♣♣
♣........≈≈.≈♣
♣♣.≈≈≈.≈≈≈≈≈.♣♣♣♣♣
♣.≈≈≈≈<≈≈≈≈...≈♣≈♣♣ ♣♣♣
♣.≈≈≈..@l≈≈≈.≈≈..≈♣♣≈≈..
♣≈≈≈≈....≈≈≈≈≈§..≈.♣≈.≈≈
♣≈≈≈..≈♣.≈≈≈..........≈≈
♣♣♣♣♣♣♣♣.≈≈≈.....♣≈...≈≈
♣♣♣♣.≈≈≈≈..≈≈.≈......
♣♣...(≈≈≈..≈≈≈≈≈......
♣....≈≈≈≈....≈≈≈..≈≈..
♣♣♣≈.≈≈≈..≈..≈≈≈.≈≈≈≈.
♣♣..≈≈.≈≈.....≈.!...


You could see a komodo dragon.

Vanquished Creatures
  Saint Roka (Orc:2)
  Rupert (D:12)
  Gastronok (Lair:2)
  Agnes (D:14)
  The ghost of bees the Bludgeoner, a journeyman OgCK of Xom (Lair:6)
  Aizul (Swamp:1)
  Louise (D:14)
  Azrael (D:13)
  5 hydras
  The ghost of shmesh the Basher, a journeyman DsBe of Trog (D:11)
  5 two-headed ogres
  2 centaur warriors
  4 catoblepae (Lair:6)
  4 tengu warriors
  A hell hog (Lair:4)
  10 death yaks
  2 orc high priests (Orc:2)
  Sonja (D:10)
  4 skeletal warriors (D:15)
  3 unseen horrors
  A wizard (D:14)
  A harpy (shapeshifter) (D:14)
  4 orc knights
  A necromancer (D:13)
  3 orc sorcerers (Orc:2)
  A deep elf mage (D:12)
  4 manticores
  5 ugly things
  4 cyclopes
  4 elephants
  3 black mambas
  A centaur zombie (D:14)
  A gargoyle (D:14)
  6 spiny frogs
  A kobold demonologist (D:15)
  A rime drake (Lair:6)
  An efreet (D:14)
  6 komodo dragons
  8 trolls
  3 meliai (D:14)
  2 jumping spiders (Lair:4)
  A polar bear (Lair:3)
  Prince Ribbit (D:9)
  4 blink frogs (Lair:6)
  8 slime creatures
  8 hippogriffs
  A centaur simulacrum (D:15)
  2 shadows
  A wraith (D:12)
  4 fire bats
  4 wyverns
  A basilisk (Lair:5)
  37 yaks
  4 fire elementals
  A hungry ghost (D:12)
  4 vampire mosquitoes (Lair:3)
  4 swamp worms (Swamp:1)
  A warg (Orc:2)
  12 water moccasins
  7 hell hounds
  A meliai simulacrum (D:14)
  8 porcupines
  32 orc warriors
  A sky beast (D:10)
  An ice beast (D:12)
  An eye of draining (D:14)
  3 black bears
  4 necrophages
  13 ogres
  5 wolves
  5 phantoms
  12 centaurs
  10 crocodiles
  6 big kobolds
  21 bullfrogs
  A wyvern zombie (D:9)
  6 gnoll sergeants
  A wyvern skeleton (D:8)
  2 scorpions
  3 killer bees (D:7)
  15 wights
  5 electric eels
  8 howler monkeys
  A bullfrog zombie (D:13)
  5 crimson imps
  2 quasits
  3 hounds
  15 orc priests
  3 bullfrog skeletons
  3 centaur skeletons
  2 iguanas
  22 orc wizards
  6 worker ants
  A hound skeleton (D:5)
  A hound zombie (D:10)
  A howler monkey zombie (D:10)
  2 worker ant zombies
  15 gnolls
  4 adders
  3 shadow imps
  2 oozes
  A dart slug (D:2)
  2 leopard geckos (D:3)
  65 orcs
  A ball python (D:4)
  9 bats
  5 giant cockroaches
  9 hobgoblins
  13 jackals
  7 quokkas
  4 frilled lizards
  5 goblins
  20 kobolds
  A leopard gecko zombie (D:7)
  A quokka skeleton (D:9)
  6 rats
620 creatures vanquished.

Vanquished Creatures (others)
  8 fungi
  17 plants
25 creatures vanquished.

Grand Total: 645 creatures vanquished

Notes
Turn   | Place    | Note
-------+----------+-------------------------------------------
     0 | D:1      | Faca the Gargoyle Fighter began the quest for the Orb.
     0 | D:1      | Reached XP level 1. HP: 14/14 MP: 1/1
   474 | D:1      | Reached XP level 2. HP: 19/20 MP: 2/2
   774 | D:2      | Reached skill level 4 in Fighting
   806 | D:2      | Reached XP level 3. HP: 15/24 MP: 3/3
  1449 | D:3      | Reached XP level 4. HP: 30/30 MP: 4/4
  1643 | D:3      | Reached skill level 5 in Fighting
  1836 | D:4      | Reached XP level 5. HP: 35/35 MP: 5/5
  2148 | D:4      | Got a heavily jewelled robe
  2159 | D:4      | Identified the +2 robe of Dramatic Exits {Dex+2} (You found it on level 4 of the Dungeon)
  2304 | D:5      | Entered Level 5 of the Dungeon
  2332 | D:5      | Reached skill level 6 in Fighting
  2401 | D:5      | Found Geing's General Store.
  2419 | D:5      | Found Ogreth Zusa's Food Emporium.
  2484 | D:5      | Reached XP level 6. HP: 38/41 MP: 6/6
  2890 | D:5      | Found Kutig's Weapon Emporium.
  2941 | D:5      | Noticed a phantom
  2972 | D:5      | Killed a phantom
  3221 | D:6      | Found a glowing golden altar of the Shining One.
  3289 | D:6      | Found a shattered altar of Ashenzari.
  3376 | D:6      | Noticed a phantom
  3377 | D:6      | Noticed an orc warrior
  3390 | D:6      | Reached skill level 7 in Fighting
  3390 | D:6      | Reached XP level 7. HP: 42/48 MP: 7/7
  4006 | D:6      | Reached skill level 5 in Maces & Flails
  4007 | D:6      | Reached skill level 8 in Fighting
  4173 | D:6      | Reached XP level 8. HP: 46/55 MP: 8/8
  4535 | D:5      | Reached skill level 9 in Fighting
  5610 | D:7      | Reached skill level 10 in Fighting
  5961 | D:7      | Reached XP level 9. HP: 57/63 MP: 9/9
  6130 | D:7      | Found a staircase to the Ecumenical Temple.
  6137 | Temple   | Entered the Ecumenical Temple
  6303 | Temple   | Became a worshipper of Warmaster Okawaru
  6789 | D:7      | Reached skill level 11 in Fighting
  7362 | D:8      | Found an opulent altar of Gozag.
  7388 | D:8      | Reached * piety under Okawaru
  7409 | D:8      | Got a fine hunting sling
  7417 | D:8      | Identified the +2 hunting sling of Suicidal Tendencies {velocity, rC+} (You found it on level 8 of the Dungeon)
  7439 | D:8      | Found a staircase to the Lair.
  7499 | D:8      | Reached skill level 12 in Fighting
  7735 | D:8      | Noticed a two-headed ogre
  7751 | D:8      | Killed a two-headed ogre
  7751 | D:8      | Reached ** piety under Okawaru
  7751 | D:8      | Reached XP level 10. HP: 67/72 MP: 7/10
  7763 | D:8      | Got a steaming falchion
  7764 | D:8      | Identified the +8 falchion of the World {drain, rF+ SInv} (You found it on level 8 of the Dungeon)
  7917 | D:8      | Found Gozag's Platinum Reserve.
  7951 | D:8      | Reached skill level 13 in Fighting
  8179 | D:9      | Found a white marble altar of Elyvilon.
  8180 | D:9      | Found a shattered altar of Ashenzari.
  8202 | D:9      | Reached *** piety under Okawaru
  8593 | D:9      | Noticed Prince Ribbit
  8621 | D:9      | Killed Prince Ribbit
  8983 | D:10     | Entered Level 10 of the Dungeon
  9206 | D:10     | Found a staircase to the Orcish Mines.
  9252 | D:10     | Reached **** piety under Okawaru
  9278 | D:10     | Reached skill level 5 in Armour
  9278 | D:10     | Reached skill level 5 in Shields
  9322 | D:10     | Reached XP level 11. HP: 59/78 MP: 11/11
  9450 | D:10     | Noticed Sonja
  9470 | D:10     | Killed Sonja
 10072 | D:11     | Noticed a two-headed ogre
 10088 | D:11     | Killed a two-headed ogre
 10088 | D:11     | Reached ***** piety under Okawaru
 10243 | D:11     | Noticed shmesh's ghost (journeyman DsBe)
 10282 | D:11     | Killed shmesh's ghost
 10282 | D:11     | Reached skill level 10 in Maces & Flails
 10515 | D:11     | Noticed a manticore
 10516 | D:11     | Noticed a purple ugly thing
 10557 | D:10     | Killed a manticore
 10640 | D:11     | Killed a purple ugly thing
 10803 | Lair:1   | Entered Level 1 of the Lair of Beasts
 10878 | Lair:1   | Reached skill level 14 in Fighting
 10959 | Lair:1   | Received a gift from Okawaru
 10960 | Lair:1   | Got a smoking dire flail {god gift}
 10966 | Lair:1   | Identified the +7 dire flail "Iciphubel" {crush, rC+} (Okawaru gifted it to you on level 1 of the Lair of Beasts)
 11870 | Lair:2   | Noticed Gastronok
 11900 | Lair:2   | Killed Gastronok
 11900 | Lair:2   | Received a gift from Okawaru
 11900 | Lair:2   | Reached XP level 12. HP: 80/86 MP: 9/12
 12751 | Lair:3   | Reached ****** piety under Okawaru
 12755 | Lair:3   | Found a staircase to the Swamp.
 13017 | Lair:2   | Received a gift from Okawaru
 13018 | Lair:2   | Got a bloodstained short sword {god gift}
 13019 | Lair:2   | Identified the +4 short sword of Drought {pierce, -Tele rF++} (Okawaru gifted it to you on level 2 of the Lair of Beasts)
 13743 | Lair:4   | Found a dark tunnel.
 13749 | Volcano  | Entered a volcano
 13835 | Volcano  | Noticed a hell hog
 13842 | Lair:4   | Killed a hell hog
 14039 | Lair:4   | Found a hole to the Spider Nest.
 14058 | Lair:4   | Reached skill level 15 in Fighting
 14475 | Lair:4   | Noticed a seven-headed hydra
 14483 | Lair:4   | Killed a seven-headed hydra
 14845 | Lair:5   | Noticed a death yak
 14846 | Lair:5   | Noticed a death yak
 14892 | Lair:5   | Killed a death yak
 14892 | Lair:5   | Reached XP level 13. HP: 88/92 MP: 13/13
 15154 | Lair:5   | Received a gift from Okawaru
 15420 | Lair:5   | Found a viscous altar of Jiyva.
 15427 | Lair:5   | Found a staircase to the Slime Pits.
 15597 | Lair:6   | Entered Level 6 of the Lair of Beasts
 15642 | Lair:5   | Reached skill level 10 in Armour
 15642 | Lair:5   | Reached skill level 10 in Shields
 16691 | Lair:6   | Received a gift from Okawaru
 16692 | Lair:6   | Got a bloodstained flail {god gift}
 16712 | Lair:6   | Identified the +6 flail of Tiucix {crush, +Blink rF- rC+ Int+4} (Okawaru gifted it to you on level 6 of the Lair of Beasts)
 17296 | Lair:6   | Noticed bees's ghost (journeyman OgCK)
 17432 | Lair:6   | Killed bees's ghost
 17432 | Lair:6   | Received a gift from Okawaru
 17432 | Lair:6   | Reached skill level 1 in Throwing
 17802 | Lair:6   | Gained mutation: Your large and strong wings let you fly indefinitely. [Gargoyle growth]
 17802 | Lair:6   | Reached XP level 14. HP: 89/99 MP: 14/14
 17827 | Lair:6   | Reached skill level 16 in Fighting
 18057 | Lair:6   | Received a gift from Okawaru
 18532 | Orc:1    | Entered Level 1 of the Orcish Mines
 18544 | Orc:1    | Received a gift from Okawaru
 18761 | Orc:2    | Entered Level 2 of the Orcish Mines
 19235 | Orc:2    | Found a staircase to the Elven Halls.
 19418 | Orc:2    | Noticed Saint Roka
 20343 | D:12     | Received a gift from Okawaru
 20344 | D:12     | Got a transparent hat {god gift}
 20355 | D:12     | Identified the +0 hat of Xeaduukh {Str-4 Int+4 Dex+3} (Okawaru gifted it to you on level 12 of the Dungeon)
 21098 | D:13     | Noticed Azrael
 21686 | D:13     | Noticed Rupert
 21743 | D:13     | Found a gate to the Vaults.
 22057 | D:13     | Paralysed by Rupert for 5 turns
 22063 | D:13     | Paralysed by Rupert for 3 turns
 22238 | D:12     | Killed Rupert
 22238 | D:12     | Reached skill level 5 in Throwing
 22799 | D:13     | Killed Azrael
 23563 | D:14     | Noticed Louise
 23594 | D:14     | Killed Louise
 23725 | D:14     | Reached XP level 15. HP: 94/106 MP: 12/15
 23903 | D:14     | Noticed Agnes
 23912 | D:14     | Killed Agnes
 23912 | D:14     | Reached skill level 17 in Fighting
 24364 | D:14     | Received a gift from Okawaru
 24750 | D:15     | Entered Level 15 of the Dungeon
 25699 | D:15     | Found a staircase to the Depths.
 25699 | D:15     | Noticed a fire giant
 26654 | Orc:2    | Killed Saint Roka
 27852 | Orc:2    | Found a roughly hewn altar of Beogh.
 27870 | Orc:2    | Found Bonwizxe's Antique Weapon Shop.
 28001 | Orc:2    | Found Mikh's General Store.
 28023 | Orc:2    | Found Jupnise's Book Shop.
 28038 | Orc:2    | Found Utait's Antique Armour Shop.
 28098 | Orc:2    | Bought a brightly glowing mace for 232 gold pieces
 28098 | Orc:2    | Identified the +5 mace of Kerfluffle {crush, +Blink rElec Str-5 Dex+4} (You bought it in a shop on level 2 of the Orcish Mines)
 28158 | Orc:1    | Found Lugimp's Distillery.
 28585 | Swamp:1  | Entered Level 1 of the Swamp
 28707 | Swamp:1  | Noticed Aizul
 28739 | Swamp:1  | Killed Aizul
 28753 | Swamp:1  | HP: 2/108 [komodo dragon (10)]
 28755 | Swamp:1  | Slain by a komodo dragon

Vault maps used:
D:1:      eino_arrival_tree_alley
D:5:      first_ration, serial_shops, shop, shop, shop
D:6:      tso_metal_star, fountainhead, ashenzari_altar_1
D:7:      minmay_temple_entry_overgrown, grunt_ogre_cave
D:8:      nicolae_gozag_zags_fifth_avenue, minmay_lair_entry_lava
D:9:      gammafunk_temple_overflow_statue, uniq_prince_ribbit1
D:10:     kennysheep_orc_monster_closet_entryway, serial_undead,
          serial_undead_c, serial_undead_c, serial_undead_f, serial_undead_c,
          uniq_sonja
D:13:     david_vaults_1, uniq_azrael, uniq_rupert
D:14:     serial_park_square1, grunt_decor_mini_mirrors, uniq_louise, uniq_agnes
D:15:     grunt_enter_depths_giant_problem, nrook_mini_vaults
Temple:   dpeg_five_rooms_temple
Lair:1:   serial_bayou_shore_b, serial_bayou_shore_b, serial_bayou_shore_b,
          grunt_megastairs_2
Lair:2:   uniq_gastronok
Lair:3:   minmay_swamp_entry_swarm, grunt_megastairs_1,
          minmay_lair_oklob_chamber
Lair:4:   spider_nest_entry_a, enter_volcano_3, minivault_25, minivault_26
Lair:5:   slime_altar_1
Lair:6:   evilmike_catoblepas_cave, serial_bayou_shore_b
Swamp:1:  portal_ice_cave_entry_pillars_1, hangedman_swamp_ruin_hall, uniq_aizul
Orc:1:    serial_shops, shop
Orc:2:    grunt_orc_cross
Volcano:  volcano_village

Skill      XL: |  1  2  3  4  5  6  7  8  9 10 11 12 13 14 15 |
---------------+----------------------------------------------+-----
Fighting       | 4 5 6 7 8 10 12 13 14 15 16 17 | 17.8
Maces & Flails | 3 4 5 6 8 9 10 11 12 13 | 13.0
Armour         | 5 7 9 11 12 13 | 13.9
Shields        | 5 7 9 10 | 10.6
Throwing       | 2 5 8 |  8.1

Action                   |  1- 3 |  4- 6 |  7- 9 | 10-12 | 13-15 || total
-------------------------+-------+-------+-------+-------+-------++-------
Melee: Flail             |    39 |       |       |       |       ||    39
       Mace              |    84 |   151 |   304 |       |       ||   539
       Whip              |       |       |   149 |   810 |  2025 ||  2984
       Falchion          |       |       |       |    21 |       ||    21
Throw: Tomahawk          |       |       |       |       |     4 ||     4
       Javelin           |       |       |       |       |     6 ||     6
Invok: Heroism           |       |       |     1 |     5 |    12 ||    18
 Abil: Fly               |       |       |       |       |     1 ||     1
Evoke: Wand              |       |       |       |     6 |    44 ||    50
  Use: Scroll            |     2 |    11 |     4 |     5 |    14 ||    36
       Potion            |       |       |       |       |     5 ||     5
 Stab: Petrified         |       |       |       |       |    27 ||    27
       Petrifying        |       |       |       |       |     1 ||     1
       Distracted        |       |       |       |       |     1 ||     1
  Eat: Chunk             |     2 |     3 |     2 |     4 |     6 ||    17
       Ration            |       |     1 |     4 |     6 |    12 ||    23
Armor: Scale mail        |    92 |    65 |       |       |       ||   157
       Chain mail        |       |    64 |   254 |   295 |   824 ||  1437
Dodge: Dodged            |    58 |    54 |    84 |   118 |   307 ||   621
Block: Shield            |    77 |   102 |   236 |   348 |   871 ||  1634
       Reflection        |       |       |       |       |     3 ||     3
       Rpst.: Falchion   |       |       |       |     3 |       ||     3

Table legend:
 A = Spawn XP
 B = Non-spawn XP
 C = Spawn XP percentage of total XP
 D = Spawn monster count
 E = Non-spawn monster count
 F = Spawn count percentage of total count
 G = Total turns spent on level
                    A         B        C        D         E        F      G
               +---------+---------+-------+---------+---------+-------+---------
         Total |       0 |  123482 |   0.0 |       0 |     620 |   0.0 | 28755
               +---------+---------+-------+---------+---------+-------+---------
           D:1 |       0 |      13 |   0.0 |       0 |       9 |   0.0 |   696
           D:2 |       0 |      37 |   0.0 |       0 |      20 |   0.0 |   619
           D:3 |       0 |     113 |   0.0 |       0 |      29 |   0.0 |   507
           D:4 |       0 |      96 |   0.0 |       0 |      10 |   0.0 |   482
           D:5 |       0 |     551 |   0.0 |       0 |      14 |   0.0 |  1591
           D:6 |       0 |     782 |   0.0 |       0 |      26 |   0.0 |  1170
           D:7 |       0 |    1472 |   0.0 |       0 |      27 |   0.0 |  1906
           D:8 |       0 |    2798 |   0.0 |       0 |      38 |   0.0 |  1016
           D:9 |       0 |    1378 |   0.0 |       0 |      25 |   0.0 |   956
          D:10 |       0 |    4383 |   0.0 |       0 |      40 |   0.0 |  1245
          D:11 |       0 |    2867 |   0.0 |       0 |      11 |   0.0 |   687
          D:12 |       0 |    9041 |   0.0 |       0 |      37 |   0.0 |  1722
          D:13 |       0 |    7052 |   0.0 |       0 |      31 |   0.0 |  1828
          D:14 |       0 |   15905 |   0.0 |       0 |      40 |   0.0 |  1403
          D:15 |       0 |    9572 |   0.0 |       0 |      17 |   0.0 |  1571
        Lair:1 |       0 |    1778 |   0.0 |       0 |      10 |   0.0 |   785
        Lair:2 |       0 |    6498 |   0.0 |       0 |      19 |   0.0 |  1099
        Lair:3 |       0 |    4016 |   0.0 |       0 |      18 |   0.0 |  1019
        Lair:4 |       0 |    4256 |   0.0 |       0 |      17 |   0.0 |  1132
        Lair:5 |       0 |    7040 |   0.0 |       0 |      24 |   0.0 |  1503
        Lair:6 |       0 |   22308 |   0.0 |       0 |      54 |   0.0 |  2075
       Swamp:1 |       0 |    3727 |   0.0 |       0 |       7 |   0.0 |   170
         Orc:1 |       0 |    5864 |   0.0 |       0 |      34 |   0.0 |  1624
         Orc:2 |       0 |   11669 |   0.0 |       0 |      61 |   0.0 |  1659
       Volcano |       0 |     266 |   0.0 |       0 |       2 |   0.0 |    88
               +---------+---------+-------+---------+---------+-------+---------
